 Dungeon Crawl Stone Soup version 0.18-a0-1186-gd02dc51 (webtiles) character file.

7576 kae the Demolition Demonspawn (level 10, 0/77 HPs)
             Began as a Demonspawn Monk on Jan 28, 2016.
             Was an Elder of Makhleb.
             Shot with an arrow by a centaur (6 damage)
             ... on level 10 of the Dungeon.
             The game lasted 00:24:51 (15182 turns).

kae the Demolition Demonspawn (Demonspawn Monk)    Turns: 15182, Time: 00:24:51

Health: 0/77       AC:  6    Str: 13    XL:     10   Next: 97%
Magic:  19/19      EV: 13    Int: 11    God:    Makhleb [****..]
Gold:   774        SH:  0    Dex: 18    Spells: 0 memorised, 9 levels left

rFire  + . .     SeeInvis +       - Unarmed
rCold  + . .     Gourm    .     w - +2 robe {rC+}
rNeg   + . .     Faith    .     (no shield)
rPois  .         Spirit   .     (helmet unavailable)
rElec  .         Dismiss  +     (no cloak)
rCorr  +         Reflect  .     F - +0 pair of gloves
SustAt .         Harm     .     (no boots)
MR     .....                    y - amulet of dismissal
Stlth  ++........               s - ring of positive energy
                                v - ring of resist corrosion

@: very slightly contaminated, not resistant to hostile enchantments, unstealthy
A: antennae 3, icy blue scales 1, fire resistance 1, spiny 1, flame cloud
immunity
a: Minor Destruction, Lesser Servant of Makhleb, Major Destruction, Renounce
Religion


You were on level 10 of the Dungeon.
You worshipped Makhleb.
Makhleb was greatly pleased with you.
You were hungry.

You visited 2 branches of the dungeon, and saw 11 of its levels.
You also visited: Ossuary.

You collected 774 gold pieces.

Inventory:

Armour
 w - a +2 robe of cold resistance (worn)
 F - a +0 pair of gloves (worn)
Jewellery
 a - an uncursed ring of flight
 p - an uncursed ring of ice
 s - a ring of positive energy (right hand)
 v - a ring of resist corrosion (left hand)
 y - an amulet of dismissal (around neck)
Wands
 d - a wand of teleportation (5/9)
 j - a wand of digging (2/24)
 x - a wand of paralysis (16/24)
 B - a wand of magic darts (20/48)
 C - a wand of slowing (25/48)
 E - a wand of lightning (7/15)
Scrolls
 h - 5 scrolls of enchant armour
 m - 2 scrolls of recharging
 o - 2 scrolls of identify
 r - 2 scrolls of remove curse
 u - a scroll of teleportation
Potions
 g - 4 potions of brilliance
 i - 5 potions of curing
 k - 2 potions of cancellation
 q - a potion of agility
 t - 2 potions of flight
Books
 l - a book of Air

   Spells                             Type                      Level
   a - Shock                          Conjuration/Air              1
   b - Swiftness                      Charms/Air                   2
   c - Repel Missiles                 Charms/Air                   2
   d - Static Discharge               Conjuration/Air              3
   e - Lightning Bolt                 Conjuration/Air              5
 n - a Necronomicon

   Spells                             Type                      Level
   a - Haunt                          Necromancy/Summoning         7
   b - Borgnjor's Revivification      Necromancy                   8
   c - Death's Door                   Charms/Necromancy            8
   d - Necromutation                  Transmutation/Necromancy     8
 D - a book of Callings

   Spells                             Type                      Level
   a - Summon Small Mammal            Summoning                    1
   b - Call Imp                       Summoning                    2
   c - Call Canine Familiar           Summoning                    3
   d - Summon Guardian Golem          Hexes/Summoning              3
   e - Summon Lightning Spire         Summoning/Air                4
   f - Summon Ice Beast               Ice/Summoning                4
Comestibles
 b - 8 bread rations
 f - 3 meat rations
 z - a slice of pizza
 A - 5 fruits


   Skills:
 - Level 6.3 Fighting
 - Level 2.6 Dodging
 - Level 1.7 Stealth
 + Level 11.4 Unarmed Combat
 - Level 13.2 Invocations


You had 9 spell levels left.
You didn't know any spells.

Dungeon Overview and Level Annotations

Branches:
Dungeon (10/15)            Temple (1/1) D:7            Lair (0/8) D:10
    Orc: D:9-12

Altars:
Ashenzari
Cheibriados
Dithmenos
Elyvilon
Fedhas
Gozag
Kikubaaqudgha
Makhleb
Nemelex Xobeh
Okawaru
Pakellas
Qazlal
Ru
Sif Muna
Trog
Vehumet
Xom
Yredelemnul
Zin
The Shining One

Shops:
D:4 (

Annotations:
D:3 Grinder
D:10 Maud


Innate Abilities, Weirdness & Mutations

You have a pair of large antennae on your head (SInv).
You are partially covered in icy blue scales (AC +1).
Your flesh is heat resistant.
You are partially covered in sharp spines.
You are immune to clouds of flame.


Message History

The hill giant twists and deforms.
Your neqoxec gestures.
There is a staircase to the Lair here.
Press: ? - help, Shift-Dir - straight line, f - hill giant
Aim: a hill giant, wielding a giant spiked club (severely wounded, misshapen and mutated)
Okay, then.
Unknown command.
Read which item? (? for menu, Esc to quit)
Blink to where?
Press: ? - help, Dir - move target cursor You are very lightly contaminated with residual magic.
As you read the scroll of blinking, it crumbles to dust.
Press: ? - help, Shift-Dir - straight line, f - centaur
Aim: a centaur, wielding a shortbow The acid hits the centaur.
The acid corrodes the centaur!
The centaur is heavily wounded.
You feel slightly more hungry.
The centaur shoots an arrow.
The arrow completely misses you.
The centaur shoots an arrow.
The arrow hits you.
You die...

#...................#...##
##.......................#
#.................(......#
#........................##
.#........................#
#.(.......................#
.#........................#
........#.................#
.....######.....@.........#
.. .. #..............##
...#. #............#.#
..#.### ###............#.#
###.#c.###................#
#..#.....#...............##
...#.....c##............##
........((.((.ยง.........
...(...3C((...........


You could see a centaur.

Vanquished Creatures
  A centaur zombie (D:6)
  Joseph (D:9)
  The ghost of 4thArraOfDagon the Cudgeler, an amateur OgBe of Trog (D:7)
  A spriggan (D:9)
  2 hungry ghosts
  A hippogriff (D:7)
  A mottled dragon (D:7)
  Edmund (D:4)
  A water moccasin (D:6)
  2 ice beasts
  3 orc warriors
  8 sky beasts
  A necrophage (D:8)
  3 phantoms
  2 centaurs
  3 ogres
  A big kobold (D:7)
  5 giant frogs
  A wyvern skeleton (D:6)
  5 scorpions
  13 killer bees
  3 wights (D:9)
  3 electric eels (D:6)
  6 crimson imps
  3 jellies
  7 orc priests
  7 orc wizards
  4 hounds
  A centaur skeleton (D:7)
  2 giant frog skeletons
  Terence (D:3)
  7 iguanas
  5 worker ants
  A killer bee zombie (D:8)
  A big kobold zombie (Ossuary)
  2 hound skeletons
  2 hound zombies (D:5)
  8 mummies (Ossuary)
  A gnoll (D:5)
  8 adders
  3 shadow imps
  An adder zombie (D:9)
  An adder skeleton (D:5)
  A worm (D:2)
  6 giant geckos
  52 orcs
  13 bats
  2 giant cockroaches
  2 gnoll zombies (Ossuary)
  8 hobgoblins
  8 jackals
  8 kobolds
  5 quokkas
  2 giant gecko skeletons
  6 giant newts
  8 goblins
  2 hobgoblin zombies (Ossuary)
  A jackal skeleton (D:4)
  A jackal zombie (D:8)
  2 kobold zombies (Ossuary)
  An orc zombie (Ossuary)
  2 quokka skeletons
  4 rats
268 creatures vanquished.

Vanquished Creatures (collateral kills)
  Urug (D:9)
  A hill giant (D:10)
  An orc warrior (D:7)
  A giant frog (D:10)
4 creatures vanquished.

Grand Total: 272 creatures vanquished

Notes
Turn   | Place    | Note
--------------------------------------------------------------
     0 | D:1      | kae the Demonspawn Monk began the quest for the Orb.
     0 | D:1      | Reached XP level 1. HP: 18/18 MP: 1/1
   192 | D:1      | Reached skill level 4 in Unarmed Combat
   293 | D:1      | Gained mutation: You are partially covered in sharp spines. [demonic ancestry]
   293 | D:1      | Reached XP level 2. HP: 21/24 MP: 2/2
   992 | D:2      | Reached XP level 3. HP: 27/29 MP: 3/3
  1522 | D:2      | Reached skill level 5 in Unarmed Combat
  1856 | D:2      | Gained mutation: You have a pair of small antennae on your head. [demonic ancestry]
  1856 | D:2      | Reached XP level 4. HP: 32/35 MP: 4/4
  2157 | D:3      | Noticed Grinder
  2497 | D:3      | Noticed Terence
  2511 | D:3      | Killed Terence
  2511 | D:3      | Gained mutation: Your flesh is heat resistant. [demonic ancestry]
  2511 | D:3      | Reached XP level 5. HP: 19/41 MP: 5/5
  2760 | D:3      | Found a faded altar to an unknown god.
  2984 | D:3      | Reached skill level 6 in Unarmed Combat
  3268 | D:4      | Noticed an ogre
  3282 | D:4      | Killed an ogre
  3282 | D:4      | Gained mutation: You have a pair of antennae on your head. [demonic ancestry]
  3282 | D:4      | Reached XP level 6. HP: 33/47 MP: 6/6
  3585 | D:4      | Reached skill level 7 in Unarmed Combat
  3741 | D:4      | Found Locs's Antique Weapon Shoppe.
  4415 | D:3      | Reached XP level 7. HP: 36/52 MP: 7/7
  4544 | D:4      | Reached skill level 8 in Unarmed Combat
  4809 | D:4      | Noticed Edmund
  4820 | D:4      | Killed Edmund
  4986 | D:5      | Entered Level 5 of the Dungeon
  5053 | D:5      | Reached skill level 9 in Unarmed Combat
  5214 | D:5      | Gained mutation: You are immune to clouds of flame. [demonic ancestry]
  5214 | D:5      | Reached XP level 8. HP: 42/58 MP: 8/8
  5838 | D:6      | Found a basalt altar of Yredelemnul.
  5840 | D:6      | Found a snail-covered altar of Cheibriados.
  6876 | D:6      | Reached skill level 10 in Unarmed Combat
  7501 | D:6      | Reached skill level 11 in Unarmed Combat
  8261 | D:6      | Gained mutation: You are partially covered in icy blue scales (AC +1). [demonic ancestry]
  8261 | D:6      | Reached XP level 9. HP: 57/65 MP: 9/9
  8535 | D:6      | Reached skill level 5 in Fighting
  8917 | D:6      | HP: 3/69 [poisoned by a water moccasin]
  8923 | D:6      | HP: 3/69 [poisoned by a water moccasin]
  8931 | D:6      | HP: 2/69 [poisoned by a water moccasin]
  9333 | D:7      | Found a staircase to the Ecumenical Temple.
  9366 | D:7      | Found a sand-covered staircase.
  9473 | Temple   | Entered the Ecumenical Temple
  9561 | Temple   | Became a worshipper of Makhleb the Destroyer
  9561 | Temple   | Reached * piety under Makhleb
  9561 | Temple   | Reached ** piety under Makhleb
  9641 | Ossuary  | Entered an ossuary
  9664 | Ossuary  | Reached skill level 1 in Invocations
 10129 | D:7      | Reached skill level 5 in Invocations
 10340 | D:7      | Noticed 4thArraOfDagon's ghost (amateur OgBe)
 10350 | D:7      | Killed 4thArraOfDagon's ghost
 10484 | D:7      | Reached *** piety under Makhleb
 10859 | D:7      | Gained mutation: You have a pair of large antennae on your head (SInv). [demonic ancestry]
 10859 | D:7      | Reached XP level 10. HP: 77/77 MP: 16/16
 11347 | D:7      | Reached skill level 10 in Invocations
 12639 | D:9      | Noticed Joseph
 12966 | D:9      | Reached **** piety under Makhleb
 13180 | D:9      | Reached skill level 12 in Invocations
 13873 | D:9      | Killed Joseph
 13983 | D:10     | Entered Level 10 of the Dungeon
 13985 | D:10     | Noticed Maud
 14010 | D:10     | Noticed a hill giant
 14020 | D:10     | Noticed a hill giant
 14127 | D:10     | Noticed Urug
 14385 | D:10     | Noticed a hill giant
 14409 | D:9      | Killed Urug
 14409 | D:9      | Reached skill level 13 in Invocations
 14561 | D:10     | Killed a hill giant
 15120 | D:10     | Found a staircase to the Lair.
 15173 | D:10     | HP: 2/77 [centaur/arrow (11)]
 15182 | D:10     | Shot with an arrow by a centaur

Vault maps used:
D:1:      eino_arrival_druids_welcome, minmay_curled_crystal
D:3:      first_bread, ecumenical_altar_2, kennysheep_generic_room_16,
          uniq_grinder, uniq_terence
D:4:      serial_shops, shop, dk_noncrumbling_2, grunt_ministairs_15,
          kennysheep_small_circle, uniq_edmund
D:5:      kennysheep_boxes
D:6:      wad_lake_hut, grunt_temple_overflow_open
D:7:      kennysheep_windowed_halls, temple_green, chequers_ossuary_entry_cave
D:9:      the_bakery, uniq_joseph
D:10:     lair_0_dummy, uniq_urug, uniq_maud, uniq_erica, uniq_sonja
Temple:   kilobyte_greek_temple_18
Ossuary:  ossuary_tomb_3

Action                   |  1- 3 |  4- 6 |  7- 9 | 10-12 || total
-------------------------+-------+-------+-------+-------++-------
Melee: Unarmed           |    64 |   147 |   374 |   230 ||   815
Invok: Minor Destruction |       |       |       |    14 ||    14
       Lesser Servant of |       |       |       |     8 ||     8
Evoke: Wand              |       |       |     3 |     1 ||     4
  Use: Scroll            |       |     6 |    14 |     8 ||    28
       Potion            |       |       |     3 |     2 ||     5
 Stab: Sleeping          |     9 |     5 |     7 |     4 ||    25
       Distracted        |       |     1 |       |     1 ||     2
  Eat: Chunk             |     2 |     6 |    17 |    14 ||    39
       Beef jerky        |       |     1 |       |     1 ||     2
       Meat ration       |       |       |     1 |       ||     1
       Royal jelly       |       |       |       |     1 ||     1
       Fruit             |       |       |       |     1 ||     1
